 Dungeon Crawl Stone Soup version 0.25.1-2-g60ff931df9 (webtiles) character file.

Game seed: 3894464527968006203

139110 DildoBatman the Earth Mage (level 17, 0/128 HPs)
             Began as a Formicid Wizard on Sept 8, 2020.
             Was an Initiate of Gozag.
             Killed by the raging water
             ... invoked by a water nymph
              (26 damage)
             ... on level 4 of the Shoals on Sept 9, 2020.
             The game lasted 02:03:16 (30733 turns).

DildoBatman the Earth Mage (Formicid Wizard)       Turns: 30733, Time: 02:03:16

Health: 0/128      AC: 21    Str: 11    XL:     17   Next: 87%
Magic:  25/35      EV: 19    Int: 32    God:    Gozag
Gold:   5707       SH: 10    Dex: 12    Spells: 8/44 levels left

rFire    + . .     SeeInvis +   a - +5 scythe "Finisher" {speed, eviscerate}
rCold    . . .     Gourm    .   E - +0 kite shield {reflect}
rNeg     + . .     Faith    .   o - +4 troll leather armour
rPois    .         Spirit   .   (helmet unavailable)
rElec    .         Reflect  +   l - +2 cloak {rF+}
rCorr    .         Harm     .   g - +2 pair of gloves {Dex+3}
MR       ++...                  f - +1 pair of boots of Kalum {rN+ Int+3}
Stlth    ++........             r - amulet of Rutidomp {Regen+ Int+3 SInv}
HPRegen  1.11/turn              Y - ring of protection from magic
MPRegen  0.24/turn              R - +4 ring of evasion

@: flying
A: permanent stasis, dig shafts and tunnels, four strong arms, antennae 3,
hooves 1, yellow scales 1, mutation resistance 1
a: Dig, Shaft Self, Potion Petition, Call Merchant, Bribe Branch, Renounce
Religion


You were on level 4 of the Shoals.
You worshipped Gozag.
Gozag was greatly pleased with you.
You were very full.

You visited 6 branches of the dungeon, and saw 29 of its levels.
You also visited: Bailey, Gauntlet, Ice Cave and Volcano.

You collected 8705 gold pieces.
You spent 1600 gold pieces at shops.
You paid 1398 gold pieces to Gozag.

Inventory:

Hand Weapons
 a - the +5 scythe "Finisher" (weapon) {speed, eviscerate}
   (You found it on level 7 of the Dungeon)

   Attacks with this weapon are significantly faster.
 b - the +6 shortbow "Killer Klown's Death" {vorpal, Str+4}
   (You bought it in a shop on level 2 of the Orcish Mines)

   Any arrow fired from it inflicts extra damage.
   It affects your strength (+4).
 d - a +3 scimitar of flaming
 W - the +2 hand axe "Des Osu" {drain, +Inv rC+ Int+3 Dex+4}
   (You bought it in a shop on level 1 of the Orcish Mines)

   A truly terrible weapon, it drains the life of those it strikes.
   It affects your intelligence (+3).
   It affects your dexterity (+4).
   It protects you from cold.
   It lets you turn invisible.
Missiles
 k - 537 arrows
 y - 281 sling bullets
 J - 105 bolts
 M - 28 javelins (quivered)
 O - 5 throwing nets
Armour
 f - the +1 pair of boots of Kalum (worn) {rN+ Int+3}
   (You found it in an ice cave)

   It affects your intelligence (+3).
   It protects you from negative energy.
 g - a +2 pair of gloves of dexterity (worn)
 l - a +2 cloak of fire resistance (worn)
 o - a +4 troll leather armour (worn)
 E - a +0 kite shield of reflection (worn)
Magical Staves
 N - an uncursed staff of air
Jewellery
 i - an uncursed ring of poison resistance
 m - the amulet of Poxoit {RegenMP rN+ SInv}
   (You found it on level 3 of the Shoals)

   [amulet of magic regeneration]

   It increases your magic regeneration.
   It protects you from negative energy.
   It lets you see invisible.
 r - the amulet of Rutidomp (around neck) {Regen+ Int+3 SInv}
   (You found it in a Gauntlet)

   [amulet of regeneration]

   It affects your intelligence (+3).
   It lets you see invisible.
   It increases your rate of regeneration.
 w - the ring of Ethics {Ice rElec rN+ MR- Str+6}
   (You found it on level 3 of the Lair of Beasts)

   [ring of ice]

   It enhances your ice magic.
   It affects your strength (+6).
   It makes you vulnerable to fire.
   It protects you from cold.
   It insulates you from electricity.
   It protects you from negative energy.
   It affects your resistance to hostile enchantments.
 L - an uncursed ring of protection from fire
 R - a +4 ring of evasion (right hand)
 Y - a ring of protection from magic (left hand)
Wands
 p - a wand of acid (6)
 F - a wand of iceblast (13)
 P - a wand of disintegration (16)
Scrolls
 c - a scroll of immolation {unknown}
 j - 2 scrolls of amnesia
 t - 3 scrolls of fear
 x - 10 scrolls of remove curse
 z - 8 scrolls of identify
 C - 2 scrolls of magic mapping
 S - a scroll of vulnerability {unknown}
 T - a scroll of acquirement {unknown}
 V - a scroll of fog {unknown}
Potions
 e - 3 potions of heal wounds
 h - 2 potions of might
 n - 5 potions of ambrosia
 s - 2 potions of cancellation {unknown}
 u - a potion of experience {unknown}
 A - 2 potions of flight
 D - 8 potions of curing
 G - 3 potions of stabbing {unknown}
 H - 2 potions of berserk rage {unknown}
 K - 4 potions of magic
 U - 5 potions of brilliance {unknown}
 X - a potion of invisibility
 Z - 3 potions of degeneration {unknown}
Miscellaneous
 q - a tin of tremorstones (3/3)
 I - a lightning rod (4/4)
 Q - a tin of tremorstones (3/3)
Comestibles
 v - 28 rations


   Skills:
 - Level 10.0 Fighting
 - Level 10.0 Armour
 - Level 7.0 Dodging
 - Level 2.4 Stealth
 - Level 9.0 Shields
 - Level 14.0 Spellcasting
 - Level 6.0 Conjurations
   Level 1.0 Summonings
 - Level 12.0 Necromancy
   Level 0.8 Translocations
 - Level 8.0 Transmutations
 - Level 5.0 Fire Magic
 - Level 5.0 Air Magic
 * Level 16.3 Earth Magic


You had 8 spell levels left.
You knew the following spells:

 Your Spells              Type           Power        Failure   Level  Hunger
a - Conjure Flame         Conj/Fire      ######..     1%          3    None
b - Borgnjor's Vile Clut  Necr/Erth      #######...   1%          5    None
c - Bolt of Magma         Conj/Fire/Erth ######....   1%          5    None
d - Vampiric Draining     Necr           #######...   1%          3    None
e - Mephitic Cloud        Conj/Pois/Air  #####...     1%          3    None
f - Statue Form           Tmut/Erth      #######..    2%          6    ###....
g - Lee's Rapid Deconstr  Erth           #######...   1%          5    None
h - Dispel Undead         Necr           #######.     1%          4    None
z - Sublimation of Blood  Necr           #######...   1%          2    None

Your spell library contained the following spells:

 Spells                   Type           Power        Failure   Level  Hunger
 Animate Skeleton         Necr           N/A          1%          1    None
 Magic Dart               Conj           ####         1%          1    None
 Pain                     Necr           ####         1%          1    None
 Sting                    Tmut/Pois      ####         1%          1    None
 Summon Small Mammal      Summ           ####         1%          1    None
 Passwall                 Tmut/Erth      #######.     1%          2    None
 Poisonous Vapours        Pois/Air       #####.       1%          2    None
 Ignite Poison            Fire/Tmut/Pois ######..     1%          3    None
 Leda's Liquefaction      Hex/Erth       ######....   1%          4    None
 Petrify                  Tmut/Erth      #######.     1%          4    None
 Agony                    Necr           #######.     1%          5    None
 Call Imp                 Summ           ####....     2%          2    None
 Death Channel            Necr           #######...   2%          6    ###....
 Ensorcelled Hibernation  Hex/Ice        ###...       3%          2    None
 Slow                     Hex            ###.....     3%          2    None
 Iron Shot                Conj/Erth      #######...   3%          6    ###....
 Call Canine Familiar     Summ           ####....     4%          3    None
 Gell's Gravitas          Tloc           ####......   5%          3    None
 Summon Guardian Golem    Hex/Summ       ####....     6%          3    None
 Summon Lightning Spire   Summ/Air       #####...     7%          4    None
 Confusing Touch          Hex            ###.....     8%          3    None
 Yara's Violent Unravell  Hex/Tmut       #####.....   13%         5    None
 Passage of Golubria      Tloc           N/A          17%         4    None
 Summon Ice Beast         Ice/Summ       ####....     21%         4    None
 Cause Fear               Hex            ###.......   24%         4    None
 Olgreb's Toxic Radiance  Pois           ###.....     24%         4    None
 Silence                  Hex/Air        #####.....   24%         5    None
 Simulacrum               Ice/Necr       ######....   32%         6    ###....
 Metabolic Englaciation   Hex/Ice        ###.......   56%         5    None
 Borgnjor's Revivificati  Necr           #######...   75%         8    ######.
 Infestation              Necr           #######...   75%         8    ######.
 Haunt                    Necr/Summ      ######....   82%         7    #####..
 Shadow Creatures         Summ           N/A          94%         6    ###....
 Necromutation            Tmut/Necr      ######....   95%         8    ######.
 Darkness                 Hex            ###.......   98%         6    ###....
 Invisibility             Hex            ###.....     98%         6    ###....
 Spellforged Servitor     Conj/Summ      #####.....   99%         7    #####..
 Death's Door             Chrm/Necr      ######....   100%        8    ######.
 Discord                  Hex            ###.......   100%        8    ######.
 Shatter                  Erth           #######...   97%         9    #######
 Swiftness                Chrm/Air       Unusable     N/A         2    N/A
 Blink                    Tloc           Unusable     N/A         2    N/A

Dungeon Overview and Level Annotations

Branches:
Dungeon (15/15)            Temple (1/1) D:4            Lair (6/6) D:10
 Shoals (4/4) Lair:2        Snake (1/4) Lair:4        Slime (0/5) Lair:5
    Orc (2/2) D:9             Elf (0/3) Orc:2        Vaults (0/5) D:14
 Depths (0/5) D:15         Bailey (visited)           IceCv (visited)
Volcano (visited)         Gauntlet (visited)

Altars:
Ashenzari
Cheibriados
Dithmenos
Elyvilon
Fedhas
Gozag
Hepliaklqana
Kikubaaqudgha
Makhleb
Nemelex Xobeh
Okawaru
Qazlal
Ru
Sif Muna
Trog
Uskayaw
Vehumet
Wu Jian
Xom
Yredelemnul
Zin
The Shining One
Beogh

Shops:
D:13 *   Orc:1 }:(}!   Orc:2 =[(*


Innate Abilities, Weirdness & Mutations

You cannot be hasted, slowed, berserked, paralysed or teleported.
You can dig through walls and to a lower floor.
Your four strong arms can wield two-handed weapons with a shield.
You have a pair of large antennae on your head. (SInv)
You have large cloven feet.
You are partially covered in yellow scales. (AC +2)
You are somewhat resistant to further mutation.


Message History

[b] - 231 gold - curing and magic [c] - 286 gold - heal wounds and magic Purchase which effect?
You feel much better.
You feel better.
The zombie hands constrict the water nymph!
The water nymph points at you and mumbles some strange words.
The water swirls and strikes you!! You block the water elemental's attack.
The merfolk aquamancer hits the water elemental with a +1 rapier of holy wrath.
The merfolk barely misses you. The water elemental barely misses you.
The merfolk hits the merfolk aquamancer with a +0 trident.
You feel very buoyant.
You fly up into the air.
The zombie hands constrict the water nymph.
The water nymph gestures at you while chanting.
The water rises up and strikes you!!
You die...
Your body crumbles into a pile of gold.

....≈≈≈≈≈≈≈≈≈≈.#
....≈≈≈≈≈≈≈≈≈....
....≈≈≈≈≈≈≈≈≈....
....≈≈≈≈≈≈≈≈.....
....≈≈≈≈≈≈≈≈H....
..≈≈≈≈≈≈≈≈≈......
.≈≈≈≈≈≈≈≈≈.......
≈..≈≈≈≈@Emk......
.....≈≈≈Em≈......
....[≈≈m..m......
..#..≈≈≈........≈
. ##.≈≈≈.........
#.≈≈≈.......≈≈
...........≈≈≈.
............≈≈≈.
≈............≈..


You could see a merfolk aquamancer (confused), a wind drake (repels missiles,
confused), 2 merfolk, a manticore, 2 water elementals and a water nymph
(clutched).

Vanquished Creatures
  Rupert (Lair:3)
  Polyphemus (Shoals:2)
  Gastronok (Lair:1)
  Donald (Snake:1)
  A fire giant (D:15)
  Roxanne (D:14)
  2 orc warlords
  A reaper (IceCv)
  Nessos (D:14)
  A minotaur (Gauntlet)
  6 dire elephants (Lair:6)
  Azrael (D:14)
  2 merfolk javelineers
  An ettin (Orc:2)
  Josephine (D:14)
  4 merfolk impalers
  2 vault guards (D:14)
  5 hydras
  A centaur warrior (D:13)
  An anaconda (Lair:6)
  3 catoblepae
  2 alligator snapping turtles
  A merfolk avatar (Shoals:3)
  3 two-headed ogres
  A tengu warrior (D:15)
  4 death yaks
  3 orc high priests (Orc:2)
  Nergalle (Lair:4)
  A death drake (Gauntlet)
  7 sea snakes
  A spectral wolf spider (Gauntlet)
  An oklob plant (Lair:3)
  3 lindwurms
  15 harpies (Shoals:3)
  3 orc sorcerers
  4 orc knights
  9 fauns
  2 deep elf magi
  A moth of wrath (Gauntlet)
  4 cyclopes
  8 elephants
  4 centaur zombies (D:15)
  12 manticores
  2 ugly things
  2 black mambas
  3 water nymphs
  6 merfolk sirens
  2 molten gargoyles (Volcano)
  2 gargoyles
  2 ice statues (IceCv)
  8 centaur skeletons
  12 spiny frogs
  2 efreet (Volcano)
  4 rime drakes (Lair:5)
  8 ice devils (IceCv)
  18 komodo dragons
  2 tengu conjurers (D:15)
  A hydra zombie (D:15)
  A queen bee (Lair:5)
  2 polar bears (Lair:4)
  6 trolls
  19 merfolk
  3 meliai (Lair:5)
  A hydra skeleton (D:14)
  2 wind drakes
  16 blink frogs
  5 slime creatures
  4 snapping turtles
  7 dream sheep
  A meliai zombie (Gauntlet)
  15 hippogriffs
  A shadow (D:14)
  2 vampires
  3 redbacks (Gauntlet)
  8 wraiths
  A spriggan (D:7)
  9 humans (D:14)
  6 water elementals
  48 yaks
  9 fire elementals
  A steam dragon (Lair:5)
  A hungry ghost (D:9)
  6 vampire mosquitoes
  3 wargs
  3 nagas (Lair:4)
  A soldier ant (D:11)
  3 hell hounds (D:14)
  2 human skeletons (D:13)
  11 water moccasins
  Duvessa (D:7)
  An elf skeleton (D:14)
  14 porcupines
  7 ice beasts
  2 sky beasts
  2 hornet zombies
  An elf zombie (D:15)
  46 orc warriors
  3 black bears
  A phantom (D:6)
  3 wolves (Lair:2)
  9 ogres
  17 centaurs
  2 lindwurm skeletons (Volcano)
  19 crocodiles
  4 big kobolds
  A salamander zombie (Volcano)
  15 bullfrogs
  2 cyclops zombies (D:15)
  4 earth elementals (Volcano)
  4 salamander skeletons (Volcano)
  Dowan (D:7)
  3 scorpions
  3 cyclops skeletons
  A wyvern skeleton (D:9)
  A water moccasin skeleton (D:8)
  52 killer bees
  9 howler monkeys
  13 wights
  2 electric eels (Lair:3)
  5 bullfrog zombies
  3 crimson imps
  2 quasits
  A jelly (shapeshifter) (D:12)
  4 jellies
  43 orc wizards
  A kobold skeleton (D:12)
  29 orc priests
  6 hounds
  2 bullfrog skeletons
  4 iguanas
  Natasha (thrice) (D:2)
  A hell rat (Lair:5)
  5 worker ants
  A sky beast zombie (D:13)
  An acid dragon zombie (D:15)
  An ogre skeleton (Orc:2)
  2 hound zombies
  A hound skeleton (D:9)
  14 adders
  7 gnolls (Bailey)
  2 howler monkey skeletons
  4 orc skeletons
  3 shadow imps
  21 white imps
  8 ufetubi (IceCv)
  2 oozes
  A worm zombie (D:14)
  3 adder skeletons
  3 worms
  2 dart slugs
  2 leopard geckos
  105 orcs
  2 ball pythons
  8 bats
  4 giant cockroaches
  27 goblins
  22 hobgoblins
  6 jackals (D:1)
  5 quokkas
  4 frilled lizards
  A jackal skeleton (D:5)
  A jackal zombie (D:5)
  20 kobolds
  An orc zombie (D:13)
  A quokka skeleton (D:4)
  9 rats
  A rat zombie (D:15)
  3 fire vortices (Volcano)
  5 fungi
  46 plants
1103 creatures vanquished.

Vanquished Creatures (collateral kills)
  A yak (Lair:5)
  3 killer bees
  A fungus (D:10)
5 creatures vanquished.

Vanquished Creatures (others)
  A faun (Shoals:2)
  A redback (Gauntlet)
  A human (D:14)
  A white imp (IceCv)
  An ufetubus (IceCv)
  A fire vortex (Volcano)
  21 fungi
  7 plants
34 creatures vanquished.

Grand Total: 1142 creatures vanquished

Notes
Turn   | Place    | Note
-------+----------+-------------------------------------------
     0 | D:1      | DildoBatman the Formicid Wizard began the quest for the
                  | Orb.
     0 | D:1      | Reached XP level 1. HP: 13/13 MP: 4/4
     9 | D:1      | Reached skill level 1 in Conjurations
   197 | D:1      | Reached XP level 2. HP: 17/19 MP: 0/6
   608 | D:1      | Reached XP level 3. HP: 24/24 MP: 4/7
  1298 | D:2      | Reached XP level 4. HP: 15/30 MP: 1/8
  1502 | D:1      | Learned a level 3 spell: Conjure Flame
  1506 | D:1      | Learned a level 3 spell: Mephitic Cloud
  2822 | D:3      | Reached XP level 5. HP: 35/35 MP: 4/9
  3152 | D:4      | Found a staircase to the Ecumenical Temple.
  3165 | Temple   | Entered the Ecumenical Temple
  3312 | Temple   | Became a worshipper of Kikubaaqudgha
  3653 | D:4      | Reached skill level 1 in Fire Magic
  3653 | D:4      | Reached skill level 1 in Air Magic
  3653 | D:4      | Reached XP level 6. HP: 31/41 MP: 0/10
  3986 | D:2      | Noticed Natasha
  3994 | D:2      | Killed Natasha
  4100 | D:2      | Found a basalt altar of Yredelemnul.
  4114 | D:2      | Found a radiant altar of Vehumet.
  4174 | D:2      | Found a shattered altar of Ashenzari.
  4184 | D:2      | Found a hazy altar of Hepliaklqana.
  4220 | D:2      | Noticed Natasha
  4225 | D:2      | Killed Natasha
  4225 | D:2      | Reached skill level 5 in Conjurations
  4392 | D:2      | Reached XP level 7. HP: 34/46 MP: 2/11
  4434 | D:2      | Noticed Natasha
  4501 | D:2      | Killed Natasha
  4732 | D:5      | Entered Level 5 of the Dungeon
  5094 | D:5      | Reached * piety under Kikubaaqudgha
  5094 | D:5      | Identified Kikubaaqudgha's Disquisition on Sinister Arts
                  | (Kikubaaqudgha gifted it to you on level 5 of the Dungeon)
  5094 | D:5      | Received a gift from Kikubaaqudgha
  5364 | D:6      | Reached XP level 8. HP: 20/52 MP: 1/12
  5560 | D:6      | Gained mutation: Your body sometimes deteriorates upon
                  | taking damage. [potion of mutation]
  5560 | D:6      | Gained mutation: Your spells are a little harder to cast,
                  | but a little more powerful. [potion of mutation]
  5560 | D:6      | Gained mutation: You expend magic power (3 MP) to
                  | strengthen your wands. [potion of mutation]
  5560 | D:6      | Gained mutation: Your flesh is heat resistant. (rF+)
                  | [potion of mutation]
  5561 | D:6      | Lost mutation: Your body sometimes deteriorates upon taking
                  | damage. [potion of mutation]
  5561 | D:6      | Lost mutation: You expend magic power (3 MP) to strengthen
                  | your wands. [potion of mutation]
  5561 | D:6      | Lost mutation: Your spells are a little harder to cast, but
                  | a little more powerful. [potion of mutation]
  5561 | D:6      | Gained mutation: You are frail. (-10% HP) [potion of
                  | mutation]
  5561 | D:6      | Gained mutation: You are weak. (Str -2) [potion of
                  | mutation]
  5561 | D:6      | Gained mutation: You are somewhat resistant to further
                  | mutation. [potion of mutation]
  5562 | D:6      | Lost mutation: You are frail. (-10% HP) [potion of
                  | mutation]
  5562 | D:6      | Lost mutation: Your flesh is heat resistant. (rF+) [potion
                  | of mutation]
  5562 | D:6      | Lost mutation: You are weak. (Str -2) [potion of mutation]
  5562 | D:6      | Gained mutation: You are partially covered in yellow
                  | scales. (AC +2) [potion of mutation]
  5562 | D:6      | Gained mutation: You have large cloven feet. [potion of
                  | mutation]
  6208 | D:7      | Found the +5 scythe "Finisher" {speed, eviscerate}
  6208 | D:7      | Noticed Duvessa
  6299 | D:6      | Reached skill level 5 in Fire Magic
  6372 | D:6      | Reached XP level 9. HP: 47/57 MP: 6/13
  6384 | D:7      | Noticed Dowan
  6398 | D:7      | Killed Duvessa
  6398 | D:7      | Reached skill level 5 in Air Magic
  6398 | D:7      | Reached skill level 1 in Fighting
  6398 | D:7      | Reached skill level 1 in Armour
  6401 | D:7      | Killed Dowan
  6622 | D:7      | Noticed a hippogriff
  6689 | D:7      | Killed a hippogriff
  6819 | D:7      | Reached ** piety under Kikubaaqudgha
  7258 | D:7      | Found a blossoming altar of Fedhas.
  7260 | D:7      | Found an iron altar of Okawaru.
  7479 | D:8      | Reached XP level 10. HP: 73/73 MP: 7/14
  7518 | D:8      | Got a translucent ring mail
  7529 | D:8      | Identified the +5 ring mail of Deeply Unsettling Joy {Harm
                  | +Inv rN+ Int+3} (You found it on level 8 of the Dungeon)
  7555 | D:8      | Reached skill level 5 in Fighting
  7561 | D:8      | Reached skill level 5 in Armour
  7670 | D:8      | Reached skill level 5 in Dodging
  8273 | D:9      | Noticed a two-headed ogre
  8320 | D:9      | Killed a two-headed ogre
  8433 | D:9      | Found a staircase to the Orcish Mines.
  8466 | D:9      | Reached *** piety under Kikubaaqudgha
  8466 | D:9      | Identified Kikubaaqudgha's Disquisition on Necromancy
                  | (Kikubaaqudgha gifted it to you on level 9 of the Dungeon)
  8466 | D:9      | Received a gift from Kikubaaqudgha
  8471 | D:9      | Learned a level 2 spell: Sublimation of Blood
  8475 | D:9      | Learned a level 3 spell: Vampiric Draining
  8480 | D:9      | Learned a level 4 spell: Dispel Undead
  8781 | D:10     | Entered Level 10 of the Dungeon
  8836 | D:10     | Reached skill level 1 in Necromancy
  8869 | D:10     | Reached skill level 5 in Spellcasting
  8898 | D:9      | Reached XP level 11. HP: 58/83 MP: 2/18
  9588 | D:10     | Reached skill level 5 in Necromancy
  9632 | D:10     | Reached **** piety under Kikubaaqudgha
  9687 | D:10     | Found a staircase to the Lair.
 10037 | D:11     | Learned a level 5 spell: Borgnjor's Vile Clutch
 10053 | D:11     | Reached skill level 2 in Earth Magic
 10057 | D:11     | Found a flagged portal.
 10211 | D:11     | Reached skill level 3 in Earth Magic
 10271 | Bailey   | Entered a bailey
 10351 | Bailey   | Reached skill level 4 in Earth Magic
 10421 | Bailey   | Reached ***** piety under Kikubaaqudgha
 10458 | Bailey   | Noticed an orc knight
 10474 | Bailey   | Noticed an orc warlord
 10501 | Bailey   | Killed an orc warlord
 10501 | Bailey   | Reached skill level 6 in Earth Magic
 10541 | Bailey   | Reached XP level 12. HP: 89/89 MP: 8/22
 10561 | Bailey   | Reached skill level 7 in Earth Magic
 10969 | D:11     | Reached skill level 8 in Earth Magic
 11482 | D:11     | Reached skill level 9 in Earth Magic
 11867 | Orc:1    | Entered Level 1 of the Orcish Mines
 11867 | Orc:1    | Found Zepnoc's Gadget Shoppe.
 12108 | Orc:1    | Found Lanoav's Antique Weapon Boutique.
 12109 | Orc:1    | Found Tyduj's Book Boutique.
 12423 | Orc:1    | Found Ciapeg's Distillery.
 12431 | Orc:1    | Bought a potion of invisibility for 104 gold pieces
 12431 | Orc:1    | Bought a potion of magic for 104 gold pieces
 12466 | Orc:1    | Found Bunuda's Gadget Emporium.
 12644 | Orc:2    | Entered Level 2 of the Orcish Mines
 12724 | Orc:2    | Noticed an ettin
 12751 | Orc:2    | Killed an ettin
 12857 | Orc:2    | Found a staircase to the Elven Halls.
 12875 | Orc:2    | Noticed an orc high priest
 12883 | Orc:2    | Killed an orc high priest
 12883 | Orc:2    | Reached XP level 13. HP: 97/97 MP: 18/23
 13006 | Orc:2    | Found a roughly hewn altar of Beogh.
 13080 | Orc:2    | Found a roughly hewn altar of Beogh.
 13082 | Orc:2    | Reached ****** piety under Kikubaaqudgha
 13083 | Orc:2    | Received a gift from Kikubaaqudgha
 13087 | Orc:2    | Fell from the grace of Kikubaaqudgha
 13272 | Temple   | Became a worshipper of Gozag Ym Sagoz the Greedy
 13486 | Orc:2    | Found a radiant altar of Vehumet.
 13527 | Orc:2    | Found a roughly hewn altar of Beogh.
 13753 | Orc:2    | Found a roughly hewn altar of Beogh.
 13759 | Orc:2    | Found Taluniz's General Store.
 13852 | Orc:2    | Found a roughly hewn altar of Beogh.
 14129 | Orc:2    | Found a roughly hewn altar of Beogh.
 14133 | Orc:2    | Found Egeguas's Jewellery Boutique.
 14155 | Orc:2    | Bought an uncursed amulet of regeneration for 420 gold
                  | pieces
 14216 | Orc:2    | Noticed an orc warlord
 14229 | Orc:2    | Killed an orc warlord
 14373 | Orc:2    | Found Tosot's Antique Armour Shop.
 14381 | Orc:2    | Found a roughly hewn altar of Beogh.
 14408 | Orc:2    | Found a roughly hewn altar of Beogh.
 14444 | Orc:2    | Found Engic's Antique Weapon Boutique.
 14722 | D:12     | Reached skill level 10 in Fighting
 14722 | D:12     | Reached skill level 10 in Armour
 15559 | D:13     | Reached skill level 1 in Shields
 15642 | D:13     | Found Gozag's Platinum Reserve.
 15657 | D:13     | Found an opulent altar of Gozag.
 15705 | D:13     | Noticed a centaur warrior
 15709 | D:13     | Killed a centaur warrior
 16040 | D:13     | Reached XP level 14. HP: 91/110 MP: 14/26
 16688 | D:14     | Noticed Josephine
 16691 | D:14     | Noticed Nessos
 16696 | D:14     | Killed Josephine
 16696 | D:14     | Reached skill level 5 in Shields
 16856 | D:14     | Killed Nessos
 17022 | D:14     | Noticed Azrael
 17035 | D:14     | Killed Azrael
 17035 | D:14     | Reached skill level 10 in Spellcasting
 17768 | D:14     | Noticed Roxanne
 17795 | D:14     | Killed Roxanne
 17949 | D:14     | Found a gate to the Vaults.
 18005 | D:15     | Entered Level 15 of the Dungeon
 18100 | D:15     | Noticed a fire giant
 18121 | D:15     | Killed a fire giant
 18125 | D:15     | Found a staircase to the Depths.
 18937 | Orc:2    | Bought a steaming shortbow for 200 gold pieces
 18937 | Orc:2    | Bought a smoking dagger for 175 gold pieces
 18937 | Orc:2    | Bought an ancient war axe for 212 gold pieces
 18969 | Orc:1    | Bought a masterwork arbalest for 209 gold pieces
 18969 | Orc:1    | Bought a masterwork hand axe for 176 gold pieces
 18970 | Orc:1    | Identified the +6 shortbow "Killer Klown's Death" {vorpal,
                  | Str+4} (You bought it in a shop on level 2 of the Orcish
                  | Mines)
 18975 | Orc:1    | Identified the +4 dagger "Ohuir" {flame, rF++} (You bought
                  | it in a shop on level 2 of the Orcish Mines)
 18976 | Orc:1    | Identified the +5 war axe of Earthquakes {vorpal, +Inv rF+
                  | rC- rN+} (You bought it in a shop on level 2 of the Orcish
                  | Mines)
 18977 | Orc:1    | Identified the +1 arbalest "Geirut" {flame, rPois Str+2
                  | Dex+4 SInv} (You bought it in a shop on level 1 of the
                  | Orcish Mines)
 18978 | Orc:1    | Identified the cursed +2 hand axe "Des Osu" {drain, +Inv
                  | rC+ Int+3 Dex+4} (You bought it in a shop on level 1 of the
                  | Orcish Mines)
 19049 | Lair:1   | Entered Level 1 of the Lair of Beasts
 19082 | Lair:1   | Found a dark tunnel.
 19086 | Lair:1   | Reached XP level 15. HP: 115/115 MP: 24/30
 19120 | Lair:1   | Noticed Gastronok
 19136 | Lair:1   | Killed Gastronok
 19160 | Volcano  | Entered a volcano
 19273 | Volcano  | Was forgiven by Kikubaaqudgha
 20555 | Lair:2   | Found a staircase to the Shoals.
 20615 | Lair:2   | Found a gate leading to a gauntlet.
 20710 | Gauntlet | Entered a Gauntlet
 20710 | Gauntlet | Found a transporter.
 20713 | Gauntlet | Found a transporter.
 20733 | Gauntlet | Found a transporter.
 20737 | Gauntlet | Found a transporter.
 20750 | Gauntlet | Found a transporter.
 20760 | Gauntlet | Noticed a cacodemon
 20763 | Gauntlet | Found a transporter.
 20779 | Gauntlet | Found a transporter.
 20793 | Gauntlet | Found a transporter.
 20797 | Gauntlet | Found a transporter.
 20805 | Gauntlet | Found a transporter.
 20824 | Gauntlet | Noticed a reaper
 20826 | Gauntlet | Found a transporter.
 20828 | Gauntlet | Found a transporter.
 21003 | Gauntlet | Reached skill level 10 in Earth Magic
 21024 | Gauntlet | Got a pair of masterwork gloves
 21032 | Gauntlet | Identified the cursed -6 pair of gloves of the Morning Star
                  | {Harm *Slow rF+ Dex+3} (You found it in a Gauntlet)
 21107 | Gauntlet | Got a heavily runed tin amulet
 21152 | Gauntlet | Identified the amulet of Rutidomp {Regen+ Int+3 SInv} (You
                  | found it in a Gauntlet)
 21170 | Gauntlet | Reached skill level 10 in Necromancy
 21815 | Lair:3   | Found a frozen archway.
 21830 | IceCv    | Entered an ice cave
 21983 | IceCv    | Got a pair of distressingly furry boots
 22003 | IceCv    | Identified the +1 pair of boots of Kalum {rN+ Int+3} (You
                  | found it in an ice cave)
 22178 | IceCv    | Noticed a reaper
 22183 | IceCv    | Killed a reaper
 22247 | IceCv    | Got a dazzling scale mail
 22415 | Lair:3   | Identified the +6 scale mail of Death's Door {Str+4} (You
                  | found it in an ice cave)
 22991 | Lair:3   | Got a shimmering golden ring
 23354 | Lair:3   | Identified the ring of Ethics {Ice rElec rN+ MR- Str+6}
                  | (You found it on level 3 of the Lair of Beasts)
 23358 | Lair:4   | Noticed Rupert
 23366 | Lair:3   | Killed Rupert
 23366 | Lair:3   | Reached XP level 16. HP: 122/122 MP: 26/34
 23401 | Lair:4   | Noticed Nergalle
 23408 | Lair:4   | Killed Nergalle
 23450 | Lair:4   | Found a staircase to the Snake Pit.
 23805 | Lair:4   | Reached skill level 11 in Earth Magic
 24889 | Lair:5   | Found a staircase to the Slime Pits.
 25411 | Lair:5   | Reached skill level 12 in Earth Magic
 25563 | Lair:5   | Identified the Incunabulum of Unholy Rites and Illusion
 25831 | Lair:6   | Entered Level 6 of the Lair of Beasts
 27087 | Lair:6   | Reached skill level 13 in Earth Magic
 27286 | Lair:6   | Got a faintly glowing rapier
 27298 | Lair:6   | Identified the +2 rapier of Zomyinig {vorpal, Str+3 Stlth+}
                  | (You found it on level 6 of the Lair of Beasts)
 27442 | D:10     | Learned a level 5 spell: Bolt of Magma
 27449 | D:10     | Learned a level 6 spell: Statue Form
 27455 | D:10     | Learned a level 5 spell: Lee's Rapid Deconstruction
 27527 | Snake:1  | Entered Level 1 of the Snake Pit
 27528 | Snake:1  | Noticed Donald
 27537 | Snake:1  | Killed Donald
 27537 | Snake:1  | Reached skill level 1 in Transmutations
 27616 | Shoals:1 | Entered Level 1 of the Shoals
 27697 | Shoals:1 | Reached XP level 17. HP: 105/128 MP: 10/35
 27699 | Shoals:1 | Reached skill level 14 in Earth Magic
 28580 | Shoals:2 | Noticed Polyphemus
 28762 | Shoals:2 | Reached skill level 5 in Transmutations
 29182 | Shoals:2 | Reached skill level 15 in Earth Magic
 29659 | Shoals:2 | Killed Polyphemus
 30112 | Shoals:3 | Reached skill level 16 in Earth Magic
 30299 | Shoals:3 | Got a shimmering tin amulet
 30560 | Shoals:3 | Identified the amulet of Poxoit {RegenMP rN+ SInv} (You
                  | found it on level 3 of the Shoals)
 30565 | Shoals:4 | Entered Level 4 of the Shoals
 30733 | Shoals:4 | Killed from afar by a water nymph

Illustrated notes

Levels and vault maps discovered:
D:1:      dpeg_arrival_long_road, layout_loops_cross
D:2:      layout_loops_ring, grunt_temple_overflow_cloverleaf, uniq_natasha
D:3:      layout_loops_ring, first_ration, kennysheep_flooded_box,
          skrybe_limestone_x
D:4:      layout_cave_pools, minmay_temple_entry_offerings
D:5:      layout_cave_pools
D:6:      layout_gridville
D:7:      layout_cave_pools, gammafunk_temple_overflow_statue,
          kennysheep_cross_room, the_bakery, uniq_duvessa
D:8:      layout_basic, minmay_misc_feat_secret_circle,
          hangedman_decor_clover_reticule
D:9:      layout_roguey, orc_0_dummy, centaur_isle
D:10:     layout_rooms, due_lair_maze_entry_diamond, serial_corexii_hall,
          corexii_hall_statues_t, chequers_hall_statues_corner_a
D:11:     layout_stronghold, enter_bailey_2
D:12:     layout_roguey
D:13:     layout_loops_corners, nicolae_gozag_zags_fifth_avenue
D:14:     layout_rooms, ximxim_vaults_locker_room, minivault_14, uniq_josephine,
          uniq_roxanne, uniq_azrael, uniq_nessos
D:15:     grunt_enter_depths_giant_problem, layout_basic
Temple:   nicolae_temple_elliptical
Lair:1:   layout_regular_city, nicolae_volcano_entry_vermiform, st_stairs_7,
          beast_lair_carwin_2, uniq_gastronok
Lair:2:   layout_long_grid, shoals_dummy_entry, gauntlet_entry_generic
Lair:3:   layout_cave_pods, portal_ice_cave_entry_imps, serial_bayou_shore_a,
          serial_bayou_shore_b, minmay_lair_oklob_chamber, grunt_megastairs_5
Lair:4:   wad_woods_structure_01, layout_concentric_octagons,
          guppyfry_snake_entry_island, uniq_rupert, uniq_nergalle
Lair:5:   regret_index_combs_of_tragedy, layout_regular_city,
          nicolae_slime_entry_slimehenge, nicolae_quartered_pool_super,
          patterned_corridor
Lair:6:   due_jungle_book, layout_cellular_growth, nicolae_lair_yak_garden
Shoals:1: nicolae_shoals_island_circles, layout_shoals
Shoals:2: layout_shoals, nicolae_shoals_hunting_party, uniq_polyphemus
Shoals:3: layout_shoals
Shoals:4: shoals_end_grunt_ice, layout_shoals
Snake:1:  layout_onion, nrook_guardian_serpent_ordinary, uniq_donald,
          uniq_jorgrun
Orc:1:    layout_caves, serial_shops, shop, nicolae_shop_waterfront, shop, shop,
          shop
Orc:2:    grunt_orc_community_town_hall, layout_caves,
          grunt_orc_community_big_house_1, grunt_orc_community_big_house_1,
          grunt_orc_community_house_3, grunt_orc_community_house_1,
          grunt_orc_community_house_3, grunt_orc_community_house_1,
          grunt_orc_community_house_3, grunt_orc_community_house_3, basic_altar,
          mines1_david

Skill      XL: |  1  2  3  4  5  6  7  8  9 10 11 12 13 14 15 16 17 |
---------------+----------------------------------------------------+-----
Conjurations   | 1 2 3 4 5 6 |  6.0
Fire Magic     | 1 2 3 5 |  5.0
Air Magic      | 1 3 4 5 |  5.0
Fighting       | 4 6 7 10 | 10.0
Armour         | 4 6 7 10 | 10.0
Dodging        | 4 5 6 7 |  7.0
Spellcasting   | 5 7 8 11 14 | 14.0
Necromancy     | 2 6 9 10 12 | 12.0
Earth Magic    | 6 9 10 13 16 | 16.3
Shields        | 3 9 |  9.0
Transmutations | 2 8 |  8.0
Stealth        | |  2.4
Summonings     | |  1.0
Translocations | |  0.8

Action                   |  1- 3 |  4- 6 |  7- 9 | 10-12 | 13-15 | 16-18 || total
-------------------------+-------+-------+-------+-------+-------+-------++-------
Melee: Unarmed           |     3 |       |       |       |       |       ||     3
       Short sword       |    27 |     2 |       |       |       |       ||    29
       Whip              |       |       |    51 |       |       |       ||    51
       Dagger            |       |       |    86 |    19 |    51 |       ||   156
       Kick              |       |       |    14 |       |       |     2 ||    16
       Scythe            |       |       |    33 |   495 |   796 |   461 ||  1785
       Scimitar          |       |       |       |       |     4 |     7 ||    11
 Fire: Hunting sling     |       |    39 |     2 |       |       |       ||    41
       Longbow           |       |       |       |       |     9 |       ||     9
       Shortbow          |       |       |       |       |    13 |       ||    13
Throw: Stone             |       |     2 |       |       |       |       ||     2
       Dart              |       |    13 |    31 |       |       |       ||    44
       Boomerang         |       |       |    16 |       |       |       ||    16
 Cast: Magic Dart        |    77 |   108 |    70 |    20 |    33 |    21 ||   329
       Mephitic Cloud    |       |     7 |    29 |    82 |    65 |    42 ||   225
       Conjure Flame     |       |     2 |    15 |    42 |    41 |     4 ||   104
       Borgnjor's Vile C |       |       |       |    14 |   112 |   190 ||   316
       Vampiric Draining |       |       |       |     9 |       |     3 ||    12
       Dispel Undead     |       |       |       |     1 |    13 |       ||    14
       Sublimation of Bl |       |       |       |       |     6 |    24 ||    30
       Statue Form       |       |       |       |       |       |     7 ||     7
       Bolt of Magma     |       |       |       |       |       |     2 ||     2
Invok: Receive Necronomi |       |       |       |       |     1 |       ||     1
       Renounce Religion |       |       |       |       |     1 |       ||     1
       Potion Petition   |       |       |       |       |       |     4 ||     4
 Abil: Dig               |       |     3 |    16 |    23 |    32 |    10 ||    84
       End Transformatio |       |       |       |       |       |     2 ||     2
Evoke: Wand              |       |       |       |     3 |       |       ||     3
  Use: Scroll            |       |     2 |     7 |     5 |    12 |     6 ||    32
       Potion            |       |       |     7 |     1 |     7 |     5 ||    20
 Stab: Sleeping          |       |       |     3 |     1 |       |     1 ||     5
       Confused          |       |       |     1 |    21 |    22 |    13 ||    57
       Distracted        |       |       |       |       |     6 |     1 ||     7
  Eat: Chunk             |     1 |    11 |    15 |    25 |     2 |       ||    54
       Ration            |       |       |       |       |    15 |     8 ||    23
Armor: Robe              |    12 |     6 |    39 |       |       |       ||    57
       Skin              |       |       |    52 |       |       |   122 ||   174
       Ring mail         |       |       |       |   116 |   265 |       ||   381
       Troll leather arm |       |       |       |       |     5 |   165 ||   170
Dodge: Dodged            |    42 |    26 |   108 |   211 |   359 |   468 ||  1214
Block: Buckler           |       |       |       |       |    50 |       ||    50
       Kite shield       |       |       |       |       |   191 |   358 ||   549
       Reflection        |       |       |       |       |       |    20 ||    20
